 Dungeon Crawl Stone Soup version 0.21.1-1-g345015f (webtiles) character file.

142 RudyRod the Skirmisher (level 5, -7/49 HPs)
             Began as a Naga Fighter on Apr 5, 2018.
             Shot with an arrow by a centaur (8 damage)
             ... on level 3 of the Dungeon.
             The game lasted 00:06:50 (1924 turns).

RudyRod the Skirmisher (Naga Fighter)               Turns: 1924, Time: 00:06:51

Health: -7/49      AC:  6    Str: 19    XL:     5   Next: 24%
Magic:  5/5        EV:  6    Int:  8    God:
Gold:   116        SH:  9    Dex: 11    Spells: 4/4 levels left

rFire    x . .     SeeInvis +   a - +0 long sword
rCold    + . .     Gourm    .   c - +0 shield
rNeg     . . .     Faith    .   b - +0 scale mail
rPois    +         Spirit   .   (no helmet)
rElec    .         Reflect  .   h - +0 cloak
rCorr    .         Harm     .   (no gloves)
MR       .....                  (no barding)
Stlth    ..........             (no amulet)
HPRegen  0.16/turn              e - ring of ice
MPRegen  0.09/turn              (no ring)

@: lethally poisoned (-7 -> -9), very slow
A: large, see invisible, deformed body, poison resistance, slowness 2, slow
metabolism 1, spit poison 1, AC +1
a: Spit Poison


You were on level 3 of the Dungeon.
You were not hungry.

You visited 1 branch of the dungeon, and saw 3 of its levels.

You collected 116 gold pieces.

Inventory:

Hand Weapons
 a - a +0 long sword (weapon)
Armour
 b - a +0 scale mail (worn)
 c - a +0 shield (worn)
 h - a +0 cloak (worn)
Jewellery
 d - an uncursed amulet of guardian spirit {unknown}
 e - a ring of ice (left hand)
Wands
 p - a wand of iceblast (7)
Scrolls
 g - 3 scrolls of teleportation
 l - 3 scrolls of identify {unknown}
Potions
 j - a potion of mutation {unknown}
 k - 2 potions of lignification {unknown}
 m - a potion of berserk rage {unknown}
 n - a potion of ambrosia {unknown}
 o - a potion of degeneration {unknown}
 q - a potion of curing {unknown}
Comestibles
 f - 8 rations
 i - 4 chunks of flesh


   Skills:
 + Level 3.5 Fighting
 + Level 3.0 Long Blades
 + Level 2.8 Armour
 * Level 1.4 Dodging
 * Level 0.4 Stealth
 * Level 3.3 Shields


You had 4 spell levels left.
You didn't know any spells.

Dungeon Overview and Level Annotations

Branches:
Dungeon (3/15)

Altars:
Elyvilon
Ru


Innate Abilities, Weirdness & Mutations

You cannot wear boots.
Your serpentine skin is tough. (AC +1)
You have supernaturally acute eyesight. (SInv)
Armour fits poorly on your strangely shaped body.
Your system is resistant to poisons. (rPois)
You cover ground very slowly.
You have a slow metabolism.
You can spit poison.


Message History

You kill the dart slug!
Your Long Blades skill increases to level 3!
You feel sick.
Found a sacrificial altar of Ru.
You see here a dart slug corpse.
A centaur comes into view.
The centaur shouts!
The centaur wields a shortbow.
The centaur shoots an arrow.
The arrow hits you!
You see here an arrow.
You feel sick.
The centaur shoots an arrow.
You block the arrow.
The centaur shoots an arrow.
The arrow hits you but does no damage.
You see here an arrow.
The centaur shoots an arrow.
The arrow hits you!
The centaur shoots an arrow.
The arrow hits you!
* * * LOW HITPOINT WARNING * * *
You see here 2 arrows.
The centaur shoots an arrow.
The arrow hits you!
* * * LOW HITPOINT WARNING * * *
The centaur shoots an arrow.
The arrow hits you!
You die...

###### ##..†.#
##..##(## #.)##.(.##
#.##..(..##
##(#...@...#
#..#..._...#
#..#.......# #######
#..##.....##
......####...##c..##
#####.........#####
#####.........#
#..........# ####
#.#........#


You could see a centaur.

Vanquished Creatures
  An orc wizard (D:3)
  Ijyb (D:3)
  2 adders
  2 oozes
  2 dart slugs
  4 orcs (D:3)
  3 bats
  6 giant cockroaches
  4 goblins
  6 hobgoblins
  A jackal (D:2)
  8 kobolds
  4 frilled lizards
  8 rats
52 creatures vanquished.

Notes
Turn   | Place    | Note
-------+----------+-------------------------------------------
     0 | D:1      | RudyRod the Naga Fighter began the quest for the Orb.
     0 | D:1      | Reached XP level 1. HP: 21/21 MP: 1/1
   149 | D:1      | Reached XP level 2. HP: 21/28 MP: 2/2
   330 | D:1      | Reached XP level 3. HP: 24/34 MP: 3/3
   746 | D:2      | Reached skill level 1 in Dodging
  1013 | D:2      | Found a white marble altar of Elyvilon.
  1506 | D:3      | Reached XP level 4. HP: 42/42 MP: 4/4
  1731 | D:3      | Noticed Ijyb
  1741 | D:3      | Killed Ijyb
  1741 | D:3      | Reached XP level 5. HP: 28/49 MP: 5/5
  1920 | D:3      | Found a sacrificial altar of Ru.
  1921 | D:3      | Noticed a centaur
  1924 | D:3      | HP: 1/49 [centaur/arrow (9)]
  1924 | D:3      | Shot with an arrow by a centaur

Skill      XL: |  1  2  3  4  5 |
---------------+----------------+-----
Dodging        | 1 |  1.4
Shields        | 3 |  3.3
Long Blades    | 3 |  3.0
Fighting       | |  3.5
Armour         | |  2.8
Stealth        | |  0.4

Action                   |  1- 3 |  4- 6 || total
-------------------------+-------+-------++-------
Melee: Long sword        |   105 |    56 ||   161
 Abil: Spit Poison       |     5 |     6 ||    11
  Use: Scroll            |     2 |       ||     2
       Potion            |       |     1 ||     1
  Eat: Chunk             |     2 |     1 ||     3
Armor: Scale mail        |    51 |    30 ||    81
Dodge: Dodged            |    34 |    19 ||    53
Block: Shield            |    62 |    39 ||   101
       Rpst.: Long sword |     9 |     6 ||    15
